 Dungeon Crawl Stone Soup version 0.19.5 (webtiles) character file.

576 spiff the Conjurer (level 7, -4/46 HPs)
             Began as a Mummy Wizard on Apr 5, 2017.
             Was an Initiate of Gozag.
             Slain by a bullfrog zombie (5 damage)
             ... on level 5 of the Dungeon.
             The game lasted 00:24:51 (7369 turns).

spiff the Conjurer (Mummy Wizard)                   Turns: 7369, Time: 00:24:52

Health: -4/46      AC:  5    Str: 11    XL:     7   Next: 12%
Magic:  0/13       EV: 12    Int: 19    God:    Gozag
Gold:   442        SH:  0    Dex: 10    Spells: 4 memorised, 5 levels left

rFire  x . .     SeeInvis .     k - +1 dagger
rCold  + . .     Gourm    .     a - +0 robe
rNeg   + + +     Faith    .     (no shield)
rPois  ∞         Spirit   .     b - +0 hat
rElec  .         Reflect  .     (no cloak)
rCorr  +         Harm     .     (no gloves)
MR     .....                    j - +2 pair of boots
Stlth  ++........               (no amulet)
                                e - ring of resist corrosion
                                (no ring)

@: very slightly contaminated
A: no food or potions, fire vulnerability, cold resistance 1, negative energy
resistance 3, torment resistance, unbreathing
a: Potion Petition, Call Merchant, Bribe Branch, Renounce Religion


You were on level 5 of the Dungeon.
You worshipped Gozag.
Gozag was aware of your devotion.
You were not hungry.

You visited 1 branch of the dungeon, and saw 5 of its levels.

You collected 487 gold pieces.
You paid 45 gold pieces to Gozag.

Inventory:

Hand Weapons
 k - a +1 dagger (weapon)
Armour
 a - a +0 robe (worn)
 b - a +0 hat (worn)
 j - a +2 pair of boots (worn)
Jewellery
 e - a ring of resist corrosion (right hand)
Scrolls
 d - a scroll of amnesia
 f - a scroll of remove curse
 g - 2 scrolls of recharging
 h - 5 scrolls of identify
 i - a scroll of enchant weapon
 l - a scroll of enchant armour {unknown}
Books
 c - a book of Minor Magic

   Spells                             Type                      Level
   a - Magic Dart                     Conjuration                  1
   b - Blink                          Translocation                2
   c - Call Imp                       Summoning                    2
   d - Repel Missiles                 Charms/Air                   2
   e - Slow                           Hexes                        2
   f - Conjure Flame                  Conjuration/Fire             3
   g - Mephitic Cloud                 Conjuration/Poison/Air       3


   Skills:
 - Level 1.5 Dodging
 - Level 1.5 Stealth
 - Level 4.0 Spellcasting
 + Level 4.6 Conjurations
   Level 0.7 Summonings
 - Level 0.7 Translocations
 - Level 2.1 Air Magic
 - Level 2.2 Poison Magic


You had 5 spell levels left.
You knew the following spells:

 Your Spells              Type           Power        Failure   Level  Hunger
a - Magic Dart            Conj           ###.         1%          1    N/A
b - Mephitic Cloud        Conj/Pois/Air  ###.....     12%         3    N/A
c - Conjure Flame         Conj/Fire      ##......     17%         3    N/A
d - Blink                 Tloc           N/A          17%         2    N/A

Dungeon Overview and Level Annotations

Branches:
Dungeon (5/15)             Temple (0/1) D:4

Altars:
Elyvilon
Gozag
Zin
The Shining One

Shops:
D:4 (

Annotations:
D:4 undeadhunter , Blork the orc, Grinder


Innate Abilities, Weirdness & Mutations

You do not eat or drink.
Your flesh is vulnerable to fire.
You are immune to poison.
Your flesh is cold resistant. (rC+)
You are immune to negative energy. (rN+++)
You are immune to unholy pain and torment.
You can survive without breathing.


Message History

Press: ? - help, Shift-Dir - straight line, f/p - bullfrog zombie
Aim: a bullfrog zombie (severely damaged)
The magic dart hits the bullfrog zombie.
The bullfrog zombie is severely damaged.
The bullfrog zombie barely misses you. x2
The bullfrog zombie misses you. The bullfrog zombie hits you.
* * * LOW HITPOINT WARNING * * *
You see here 17 sling bullets.
Casting: Magic Dart
Confirm with . or Enter, or press ? or * to list all spells.
Aiming: Magic Dart
Press: ? - help, Shift-Dir - straight line, f/p - bullfrog zombie
Aim: a bullfrog zombie (severely damaged)
The magic dart hits the bullfrog zombie.
The bullfrog zombie is severely damaged.
The bullfrog zombie barely misses you. The bullfrog zombie hits you.
You die...
Your body crumbles into a pile of gold.

#.##..######)##
#######.##...........
#...........######.#.
#.##.######.# #.#.
#.##.# #.# #.#.
#.##.######.######.#.
#...................>
####.######.#........
#@######........h.
#.Z(..##.#........
#####.##.#........
#.##........(.
######.#####...####
#......######.##
#.###.........#
##.####.#####..#
#)...?.........


You could see a bullfrog zombie.

Vanquished Creatures
  An ogre (D:4)
  A scorpion (D:5)
  2 crimson imps
  An orc priest (D:3)
  A hound (D:5)
  An iguana (D:4)
  3 worker ants
  A hound zombie (D:3)
  A worker ant zombie (D:5)
  Robin (D:4)
  5 adders
  6 worms
  A dart slug (D:1)
  13 orcs
  6 giant cockroaches
  17 goblins
  14 hobgoblins
  5 jackals
  5 kobolds
  A quokka (D:3)
  A ball python (D:2)
  13 bats
  6 frilled lizards
  11 rats
117 creatures vanquished.

Notes
Turn   | Place    | Note
-------+----------+-------------------------------------------
     0 | D:1      | spiff the Mummy Wizard began the quest for the Orb.
     0 | D:1      | Reached XP level 1. HP: 13/13 MP: 4/4
   117 | D:1      | Reached skill level 1 in Conjurations
   379 | D:1      | Reached XP level 2. HP: 17/19 MP: 4/6
  1395 | D:2      | Reached XP level 3. HP: 24/24 MP: 5/8
  1721 | D:2      | Learned a level 3 spell: Mephitic Cloud
  1725 | D:2      | Learned a level 3 spell: Conjure Flame
  1728 | D:2      | Learned a level 2 spell: Blink
  2478 | D:2      | Reached XP level 4. HP: 29/30 MP: 0/10
  2642 | D:3      | Found a glowing silver altar of Zin.
  2643 | D:3      | Found a white marble altar of Elyvilon.
  2644 | D:3      | Found a glowing golden altar of the Shining One.
  2786 | D:3      | Reached skill level 1 in Poison Magic
  3729 | D:3      | Reached skill level 1 in Air Magic
  3729 | D:3      | Reached XP level 5. HP: 13/35 MP: 0/11
  4599 | D:3      | Found an opulent altar of Gozag.
  4638 | D:3      | Became a worshipper of Gozag Ym Sagoz the Greedy
  4771 | D:4      | Found Nigenger's Antique Weapon Shoppe.
  5140 | D:4      | Noticed Blork the orc
  5306 | D:4      | Noticed an ogre
  5760 | D:4      | Killed an ogre
  5760 | D:4      | Reached XP level 6. HP: 41/41 MP: 5/12
  6081 | D:4      | Noticed Robin
  6104 | D:4      | Killed Robin
  6298 | D:4      | Found a staircase to the Ecumenical Temple.
  6341 | D:4      | Noticed Grinder
  6372 | D:4      | Paralysed by Grinder for 6 turns
  6719 | D:5      | Entered Level 5 of the Dungeon
  7155 | D:5      | Reached XP level 7. HP: 46/46 MP: 2/13
  7366 | D:5      | HP: 1/46 [bullfrog zombie (4)]
  7369 | D:5      | Slain by a bullfrog zombie

Skill      XL: |  1  2  3  4  5  6 |
---------------+-------------------+-----
Conjurations   | 1 2 3 4 |  4.6
Spellcasting   | 4 |  4.0
Poison Magic   | 1 2 |  2.2
Air Magic      | 1 2 |  2.1
Dodging        | |  1.5
Stealth        | |  1.5
Summonings     | |  0.7
Translocations | |  0.7

Action                   |  1- 3 |  4- 6 |  7- 9 || total
-------------------------+-------+-------+-------++-------
Melee: Unarmed           |    23 |     2 |       ||    25
       Dagger            |       |    67 |    12 ||    79
 Cast: Magic Dart        |   119 |   288 |    13 ||   420
       Mephitic Cloud    |       |    13 |     2 ||    15
       Conjure Flame     |       |     3 |       ||     3
  Use: Scroll            |       |     8 |       ||     8
 Stab: Confused          |       |     6 |     1 ||     7
Armor: Robe              |     6 |    14 |     2 ||    22
Dodge: Dodged            |    25 |    75 |    13 ||   113
